[Event "Titled Tuesday Blitz March 29 Early 2022"]
[White "Salinas Herrera, Pablo"]
[Black "Timofeev, Artyom"]
[WhiteFideId "3407128"]
[BlackFideId "4140419"]
[WhiteElo "2541"]
[BlackElo "2594"]
[Result "1-0"]
[Round "11"]
[TimeControl "180+1"]
[Date "2022.03.29"]
[WhiteClock "0:00:29"]
[BlackClock "0:00:23"]

1. d4 Nf6 2. Nf3 g6 3. Nbd2 Bg7 4. e4 d6 5. Bb5+ c6 6. Bd3 O-O 7. O-O Nbd7 8. Re1 e5 9. c3 Qe7 10. h3 Rd8 11. Nf1 Nf8 12. Ng3 h6 13. Qc2 N6d7 14. a4 a5 15. b3 Ne6 16. Be3 Qf6 17. Rad1 Re8 18. Bf1 Nf4 19. dxe5 dxe5 20. Nd2 Bf8 21. Nc4 Bc5 22. Bxc5 Nxc5 23. Nb6 Rb8 24. Nxc8 Rbxc8 25. Ne2 Rcd8 26. Nxf4 Qxf4 27. g3 Qf6 28. Bc4 Rxd1 29. Rxd1 Rd8 30. Rxd8+ Qxd8 31. b4 Nd7 32. Qd3 Qc7 33. Bb3 Kg7 34. Qc4 Nb6 35. Qc5 axb4 36. cxb4 Nc8 37. b5 Qa5 38. Qxe5+ Kh7 39. Bxf7 Qe1+ 40. Kg2 Qb4 41. Qe8 Ne7 42. Bxg6+ Nxg6 43. Qf7+ Kh8 44. Qxg6 cxb5 45. Qxh6+ Kg8 46. Qe6+ Kh7 47. Qf5+ Kg7 48. axb5 1-0


[Site "https://www.chess.com"]

[Event "Titled Tuesday Blitz March 29 Early 2022"]
[White "Sanal, Vahap"]
[Black "Abdrlauf, Elham"]
[WhiteFideId "6300545"]
[BlackFideId "1533533"]
[WhiteElo "2603"]
[BlackElo "2334"]
[Result "1-0"]
[Round "11"]
[TimeControl "180+1"]
[Date "2022.03.29"]
[WhiteClock "0:00:11"]
[BlackClock "0:00:04"]

1. e4 e6 2. d4 d5 3. Nc3 dxe4 4. Nxe4 Nd7 5. Nf3 Ngf6 6. Ned2 c5 7. Be2 Be7 8. O-O O-O 9. Nb3 b6 10. c3 Bb7 11. Bf4 Rc8 12. Re1 Nd5 13. Bg3 c4 14. Nbd2 b5 15. Bf1 a5 16. a3 N7b6 17. Rc1 b4 18. axb4 axb4 19. Ne5 bxc3 20. bxc3 Ba3 21. Rc2 Nxc3 22. Rxc3 Bb2 23. Rc2 c3 24. Ndc4 Na4 25. Nxb2 Nxb2 26. Qg4 f5 27. Qf4 g5 28. Qc1 f4 29. Rxc3 fxg3 30. hxg3 Qf6 31. Ng4 Qxd4 32. Qxg5+ Kh8 33. Rxc8 Rxc8 34. Nf6 Rf8 35. Rxe6 Nd1 36. Qf5 Qxf2+ 37. Qxf2 Nxf2 38. Kxf2 Kg7 39. Re7+ Kxf6 40. Rxb7 h6 41. Rb4 Kg5+ 42. Rf4 Rxf4+ 43. gxf4+ Kxf4 44. Be2 Kg5 45. Kg3 Kf5 46. Kh4 Kf4 47. Bf3 Kf5 48. Kh5 Kf6 49. Kxh6 1-0


[Site "https://www.chess.com"]

[Event "Titled Tuesday Blitz March 29 Early 2022"]
[White "Sanchez Alvares, Kelvin Antonio"]
[Black "Vestby-Ellingsen, Mads"]
[WhiteFideId "3906680"]
[BlackFideId "1520857"]
[WhiteElo "2531"]
[BlackElo "2470"]
[Result "0-1"]
[Round "11"]
[TimeControl "180+1"]
[Date "2022.03.30"]
[WhiteClock "0:00:01"]
[BlackClock "0:00:04"]

1. e4 e5 2. Nf3 d6 3. d4 exd4 4. Nxd4 Nf6 5. Nc3 Be7 6. g3 O-O 7. Bg2 c6 8. O-O Re8 9. h3 Bf8 10. Nde2 Nbd7 11. g4 Nc5 12. Ng3 Qc7 13. f4 b5 14. a3 a5 15. g5 Nfd7 16. Be3 Bb7 17. Qd2 g6 18. Nd1 Nb6 19. b3 a4 20. b4 Nc4 21. Qf2 Nxe3 22. Nxe3 Nd7 23. c4 bxc4 24. Nxc4 d5 25. exd5 cxd5 26. Ne3 d4 27. Ng4 Bxg2 28. Kxg2 d3 29. Rad1 Qc3 30. f5 Qc4 31. Qf3 Rad8 32. Qxd3 Qxd3 33. Rxd3 gxf5 34. Rxf5 Be7 35. Nh6+ Kg7 36. Nxf7 Rc8 37. Rxd7 Rc2+ 38. Kg1 Bxb4 39. axb4 Kg6 0-1


[Site "https://www.chess.com"]

[Event "Titled Tuesday Blitz March 29 Early 2022"]
[White "Sarana, Alexey"]
[Black "Murzin, Volodar"]
[WhiteFideId "24133795"]
[BlackFideId "44155573"]
[WhiteElo "2666"]
[BlackElo "2585"]
[Result "1-0"]
[Round "11"]
[TimeControl "180+1"]
[Date "2022.03.29"]
[WhiteClock "0:00:07"]
[BlackClock "0:00:05"]

1. d4 d5 2. c4 e6 3. Nc3 c6 4. Nf3 Nf6 5. e3 Bd6 6. Qc2 O-O 7. Bd3 Nbd7 8. O-O dxc4 9. Bxc4 e5 10. h3 Qe7 11. a3 a5 12. Ba2 Rd8 13. Ng5 Rf8 14. dxe5 Nxe5 15. f4 Ng6 16. e4 Nh5 17. e5 Bc5+ 18. Kh2 Kh8 19. Nce4 Bd4 20. Qd3 c5 21. Nd6 Be6 22. Nf5 Qd7 23. Nxd4 cxd4 24. g4 Bxa2 25. Rxa2 Qd5 26. b3 Nhxf4 27. Bxf4 Rac8 28. Qf3 Qb5 29. Bg3 Rc3 30. Qf5 Qxb3 31. Rg2 Kg8 32. a4 h6 33. Ne4 Re3 34. Nd6 Nh4 35. Bxh4 Rxh3+ 36. Kg1 Rxh4 37. Qe4 Qh3 38. Qxd4 Qh1+ 39. Kf2 Qh3 40. Qe3 Rd8 41. Qxh3 Rxh3 42. Rb1 Rd7 43. Rg3 Rh2+ 44. Rg2 Rh3 45. Rb5 Ra3 46. Rxa5 Kh7 47. Rg3 Ra2+ 48. Ke3 Rc7 49. Kd4 Kg6 50. Rb3 Rd2+ 51. Ke3 Rg2 52. Kf3 Rcc2 53. Rb6 Rcf2+ 54. Ke3 Re2+ 55. Kd3 Rd2+ 56. Kc4 Rc2+ 57. Kd3 Rcd2+ 58. Ke3 Rde2+ 59. Kd4 Rd2+ 60. Kc5 Rc2+ 61. Nc4+ Kh7 62. Rxb7 Rxg4 63. Rb4 h5 64. Ra7 h4 65. Rxf7 h3 66. Rf3 Rh4 67. Rf1 h2 68. Rh1 Rg4 69. e6 Rg1 70. Rxh2+ Rxh2 71. Ne5 Re1 72. Kd5 Rh5 73. Re4 Rxe4 74. Kxe4 Kg8 75. e7 Rxe5+ 76. Kxe5 Kf7 77. Kd6 Ke8 78. a5 1-0


[Site "https://www.chess.com"]

[Event "Titled Tuesday Blitz March 29 Early 2022"]
[White "Sargsyan, Anna M."]
[Black "Sapunov, Evgeny"]
[WhiteFideId "13308130"]
[BlackFideId "4126661"]
[WhiteElo "2271"]
[BlackElo "2470"]
[Result "0-1"]
[Round "11"]
[TimeControl "180+1"]
[Date "2022.03.29"]
[WhiteClock "0:00:01"]
[BlackClock "0:00:07"]

1. d4 Nf6 2. c4 g6 3. g3 Bg7 4. Bg2 O-O 5. Nc3 d6 6. Nf3 Nc6 7. O-O Bf5 8. Nh4 Bd7 9. f4 Na5 10. Qd3 c5 11. dxc5 dxc5 12. e4 e5 13. Nd5 exf4 14. Bxf4 Nxd5 15. cxd5 g5 16. Bd6 gxh4 17. Bxf8 Qxf8 18. Rf4 hxg3 19. hxg3 Be5 20. Rf3 Qg7 21. Raf1 f6 22. b4 cxb4 23. Rc1 b5 24. d6 Rd8 25. Rc7 Nc4 26. Bh3 Bxh3 27. Qd5+ Kh8 28. Rxg7 Kxg7 29. Qxb5 Be6 30. Qxb4 Rxd6 31. Qa4 a5 32. Rb3 Kg6 33. Rb7 Rd8 34. Qc6 Rd1+ 35. Kh2 Rd2+ 36. Kh1 Rd1+ 37. Kh2 Rd2+ 38. Kh1 Bf7 39. Rxf7 Rd1+ 40. Kh2 Ne3 41. Rd7 Re1 42. Rd2 Ng4+ 43. Kg2 h5 44. Qe8+ Kg5 45. Qg8+ Kh6 46. Rd7 Re2+ 47. Kf1 Rf2+ 48. Ke1 Bc3+ 49. Kd1 Ne3+ 50. Kc1 Rf1+ 51. Rd1 Rxd1# 0-1


[Site "https://www.chess.com"]

[Event "Titled Tuesday Blitz March 29 Early 2022"]
[White "Sarkar, Justin"]
[Black "Biletskiy, Danylo"]
[WhiteFideId "2010011"]
[BlackFideId "14155419"]
[WhiteElo "2038"]
[BlackElo "2087"]
[Result "0-1"]
[Round "11"]
[TimeControl "180+1"]
[Date "2022.03.30"]
[WhiteClock "0:00:00"]
[BlackClock "0:00:02"]

1. e4 e5 2. Nc3 Nc6 3. f4 exf4 4. Nf3 d6 5. d4 f5 6. exf5 Bxf5 7. Bxf4 Nf6 8. Bc4 d5 9. Bb5 Bd6 10. Bg5 O-O 11. O-O Ne7 12. Ne5 c6 13. Bd3 Qc8 14. Bxf5 Nxf5 15. Qd3 g6 16. Bxf6 Rxf6 17. g4 Nxd4 18. Qxd4 Bxe5 19. Qxe5 Qxg4+ 20. Qg3 Qd4+ 21. Kh1 Raf8 22. Rxf6 Rxf6 23. Rd1 Qb4 24. Qe5 Rf7 25. Ne2 Qg4 26. Qe8+ Rf8 27. Qe3 Rf3 28. Qe8+ Rf8 29. Qe3 Rf3 30. Qg1 Qf5 31. Qg2 Qe4 32. Kg1 Qxc2 33. Rf1 Rxf1+ 34. Kxf1 Qc5 0-1


[Site "https://www.chess.com"]

[Event "Titled Tuesday Blitz March 29 Early 2022"]
[White "Schut, Han"]
[Black "Fathy, Elameir"]
[WhiteFideId "1005561"]
[BlackFideId "10600396"]
[WhiteElo "2057"]
[BlackElo "2311"]
[Result "1-0"]
[Round "11"]
[TimeControl "180+1"]
[Date "2022.03.30"]
[WhiteClock "0:01:11"]
[BlackClock "0:00:52"]

1. e4 c6 2. d4 d5 3. e5 Bf5 4. Nf3 e6 5. Be2 c5 6. Be3 Qb6 7. Nc3 Nc6 8. O-O Qxb2 9. Qe1 cxd4 10. Bxd4 Nxd4 11. Nxd4 Bb4 12. Ndb5 Ba5 13. Rb1 Qxc2 14. Rc1 Qb2 15. Na4 Bxe1 16. Nxb2 Ba5 17. Nd6+ Ke7 18. Nxb7 Bb6 19. Na4 Rb8 20. Nxb6 Rxb7 21. Nc8+ Kd8 22. Nd6 Re7 23. Rc8+ Kd7 24. Rfc1 1-0


[Site "https://www.chess.com"]

[Event "Titled Tuesday Blitz March 29 Early 2022"]
[White "Secer, Ata"]
[Black "Csonka, Balazs"]
[WhiteFideId "6303293"]
[BlackFideId "742910"]
[WhiteElo "2282"]
[BlackElo "2404"]
[Result "1/2-1/2"]
[Round "11"]
[TimeControl "180+1"]
[Date "2022.03.29"]
[WhiteClock "0:02:55"]
[BlackClock "0:02:13"]

1. e4 c6 2. d4 d5 3. Nc3 dxe4 4. Nxe4 Bf5 5. Ng3 Bg6 6. Nh3 Nf6 7. Nf4 e5 8. Nxg6 hxg6 9. dxe5 Qa5+ 10. Bd2 Qxe5+ 11. Qe2 Nbd7 12. Qxe5+ Nxe5 13. Be2 Bc5 14. O-O O-O 15. Rad1 Rfe8 16. h3 Bb6 17. Rfe1 Rad8 18. Bc1 Kf8 19. Kf1 a5 1/2-1/2


[Site "https://www.chess.com"]

[Event "Titled Tuesday Blitz March 29 Early 2022"]
[White "Seo, Jung Min"]
[Black "Hua, Lefong"]
[WhiteFideId "1734687"]
[BlackFideId "2602253"]
[WhiteElo "2401"]
[BlackElo "2605"]
[Result "1-0"]
[Round "11"]
[TimeControl "180+1"]
[Date "2022.03.29"]
[WhiteClock "0:00:03"]
[BlackClock "0:00:07"]

1. d4 Nf6 2. c4 g6 3. Nc3 Bg7 4. e4 d6 5. Nf3 O-O 6. Be2 Bg4 7. h3 Bxf3 8. Bxf3 Nfd7 9. Be3 c5 10. d5 Na6 11. O-O Nc7 12. Be2 e6 13. Qd2 exd5 14. exd5 Re8 15. Rfe1 a6 16. Bf1 Rb8 17. a4 b6 18. Rad1 f5 19. Bg5 Bf6 20. Bf4 Ne5 21. Be3 Qd7 22. f4 Nf7 23. Bf2 Rxe1 24. Rxe1 Re8 25. Rxe8+ Qxe8 26. b3 h5 27. g3 Qe7 28. Kg2 Bg7 29. Bd3 Qf6 30. Nd1 a5 31. Qe2 Kf8 32. Qf3 Nh6 33. Be1 Qa1 34. Qe2 Kf7 35. Ne3 Qb2 36. Bc2 Qd4 37. Nf1 Qb2 38. Nh2 Bc3 39. Bf2 Bd4 40. Nf3 Bxf2 41. Ng5+ Kf8 42. Kxf2 Qd4+ 43. Kg2 Nf7 44. Nf3 Qf6 45. Bd3 Kg7 46. Bc2 Qb2 47. Kf2 Qf6 48. Bd1 Qc3 49. Kg2 Qf6 50. Qd2 Kf8 51. Be2 Kg8 52. Nh2 Kg7 53. g4 hxg4 54. hxg4 Qd4 55. Qxd4+ cxd4 56. gxf5 gxf5 57. Nf3 Kf6 58. Nxd4 Na6 59. Bd3 Nc5 60. Bxf5 Nxb3 61. Nxb3 Kxf5 62. Kf3 Nd8 63. Nd4+ Kf6 64. Nb5 Nb7 65. Ke3 Ke7 66. Na7 Kd8 67. Nb5 Kd7 68. Nc3 Nc5 69. f5 Ke7 70. Kf4 Kf7 71. Kg5 Kg7 72. f6+ Kf7 73. Kf5 Nb3 74. Ne4 Nc5 75. Nxc5 bxc5 76. Kg5 Kf8 77. Kg6 Kg8 78. Kf5 Kf7 79. Kg5 Kf8 80. Kg4 Kg8 81. Kf4 Kf8 82. Kg5 Kf7 83. Kf5 Kf8 84. Ke6 1-0


[Site "https://www.chess.com"]

[Event "Titled Tuesday Blitz March 29 Early 2022"]
[White "Shohat, Yotam"]
[Black "Szpar, Milosz"]
[WhiteFideId "2813955"]
[BlackFideId "1184989"]
[WhiteElo "2510"]
[BlackElo "2654"]
[Result "1/2-1/2"]
[Round "11"]
[TimeControl "180+1"]
[Date "2022.03.30"]
[WhiteClock "0:00:11"]
[BlackClock "0:01:43"]

1. e4 c5 2. Nf3 d6 3. d4 cxd4 4. Nxd4 Nf6 5. Nc3 Nc6 6. Bc4 Qb6 7. Nde2 g6 8. Bb3 Bg7 9. Be3 Qa5 10. f3 O-O 11. Qd2 Be6 12. Nd5 Qxd2+ 13. Kxd2 Bxd5 14. exd5 Na5 15. c4 Rfc8 16. Rhc1 Nd7 17. Rc2 Nc5 18. Nc1 Rc7 19. Bxc5 Rxc5 20. Nd3 Rc7 21. Rac1 Rac8 22. g3 a6 23. f4 f5 24. c5 dxc5 25. Rxc5 Rxc5 26. Rxc5 Rxc5 27. Nxc5 Nxb3+ 28. axb3 Bxb2 29. Nxb7 Bd4 30. Kd3 Bg1 31. h3 Bh2 32. g4 Bxf4 33. gxf5 gxf5 34. b4 Bc7 35. Nc5 a5 36. b5 Kf7 37. Kc4 f4 38. Ne4 Bb6 39. Kd3 Kg6 40. Ke2 Kh5 41. Kf3 Be3 42. d6 exd6 43. Nxd6 Kg5 44. Nc4 a4 45. Nxe3 fxe3 46. b6 a3 47. b7 a2 48. b8=Q a1=Q 49. Qf4+ Kg6 50. Qxe3 Qf1+ 51. Kg3 Qf5 52. Qf3 Qe5+ 53. Qf4 Qe1+ 54. Qf2 Qc3+ 55. Qf3 Qc7+ 56. Qf4 Qc3+ 57. Qf3 Qxf3+ 58. Kxf3 Kg5 59. Kg3 Kh5 60. h4 h6 61. Kh3 Kg6 62. Kg4 h5+ 63. Kf4 Kf6 64. Ke4 Ke6 65. Kf4 Kf6 66. Ke4 Ke6 67. Kf4 Kf6 1/2-1/2


[Site "https://www.chess.com"]

[Event "Titled Tuesday Blitz March 29 Early 2022"]
[White "Shtyka, Sergey"]
[Black "Legenia, Artem"]
[WhiteFideId "4138465"]
[BlackFideId "14136945"]
[WhiteElo "2014"]
[BlackElo "1936"]
[Result "1-0"]
[Round "11"]
[TimeControl "180+1"]
[Date "2022.03.30"]
[WhiteClock "0:02:23"]
[BlackClock "0:02:22"]

1. e4 c6 2. Nf3 d5 3. Nc3 dxe4 4. Nxe4 Nf6 5. Nxf6+ exf6 6. g3 Bd6 7. Bg2 O-O 8. O-O Na6 9. d4 Nc7 10. c4 Bg4 11. Qd3 Bxf3 12. Bxf3 Ne6 13. Be3 g6 14. Rac1 f5 15. d5 Ng5 16. Bxg5 Qxg5 17. dxc6 1-0


[Site "https://www.chess.com"]

[Event "Titled Tuesday Blitz March 29 Early 2022"]
[White "Shuvalov, Evgenij"]
[Black "Krysa, Leandro"]
[WhiteFideId "4187237"]
[BlackFideId "116807"]
[WhiteElo "2497"]
[BlackElo "2623"]
[Result "1-0"]
[Round "11"]
[TimeControl "180+1"]
[Date "2022.03.30"]
[WhiteClock "0:00:14"]
[BlackClock "0:00:06"]

1. Nf3 d5 2. c4 c6 3. g3 Nf6 4. Bg2 dxc4 5. O-O b5 6. d3 cxd3 7. Ne5 dxe2 8. Qxe2 Bb7 9. Rd1 Qb6 10. Be3 Qa6 11. Nd2 e6 12. Nb3 Nd5 13. Bc5 Bxc5 14. Nxc5 Qb6 15. Rac1 O-O 16. Ncd7 Nxd7 17. Nxd7 Qa5 18. Nxf8 Rxf8 19. a3 b4 20. Bxd5 exd5 21. Qe7 Qb6 22. Qxb4 h6 23. Re1 d4 24. Re7 Ba8 25. Rce1 Qd8 26. Rxa7 c5 27. Qxc5 d3 28. Rd1 Bf3 29. Rd2 Re8 30. Qc1 Qd4 31. Rc7 Qe5 32. Rc8 Rxc8 33. Qxc8+ Kh7 34. Qc1 Qe4 35. b4 h5 36. h4 Bh1 37. Qf1 f5 38. Rxd3 Qc6 39. Re3 Be4 40. b5 Qc2 41. Qe2 Qb1+ 42. Qe1 Qxb5 43. Rxe4 Qb7 44. Re5 Kg6 45. Re6+ Kh7 46. Re7 Qf3 47. Re3 Qg4 48. Qe2 Qg6 49. Kg2 f4 50. Rf3 fxg3 51. Rxg3 Qc6+ 52. Qf3 Qd6 53. Qxh5+ Kg8 54. Qg4 Qd5+ 55. Kh2 Kf8 56. Rf3+ Ke8 57. Re3+ Kf8 58. Qf3+ Kg8 59. Qxd5+ Kh8 60. Qf3 Kh7 61. Qg3 Kh8 62. Re7 Kh7 63. Qxg7# 1-0


[Site "https://www.chess.com"]

[Event "Titled Tuesday Blitz March 29 Early 2022"]
[White "Shuvalova, Polina"]
[Black "Vokhidov, Shamsiddin"]
[WhiteFideId "24171760"]
[BlackFideId "14204223"]
[WhiteElo "2355"]
[BlackElo "2611"]
[Result "0-1"]
[Round "11"]
[TimeControl "180+1"]
[Date "2022.03.29"]
[WhiteClock "0:00:01"]
[BlackClock "0:01:21"]

1. d4 Nf6 2. Nf3 d5 3. Bf4 c5 4. e3 Nc6 5. Nbd2 Nh5 6. dxc5 Nxf4 7. exf4 g6 8. c3 Bh6 9. g3 O-O 10. Bg2 b6 11. cxb6 Qxb6 12. Nb3 a5 13. O-O a4 14. Nbd4 Nxd4 15. Qxd4 Qxb2 16. Rfb1 Qa3 17. Ne5 e6 18. Qb4 Qxb4 19. Rxb4 Ra5 20. Rab1 Ba6 21. a3 Rc8 22. Rb8 Rc5 23. Rxc8+ Rxc8 24. Rb6 Be2 25. h4 Bf8 26. Rb7 Bxa3 27. Nxf7 Bc5 28. Bh3 Ba6 29. Rd7 Bb5 30. Rb7 Bc6 31. Nh6+ Kh8 32. Rf7 a3 33. Ng4 Rf8 34. Rc7 a2 0-1


[Site "https://www.chess.com"]

[Event "Titled Tuesday Blitz March 29 Early 2022"]
[White "Shvedova, Alexandra"]
[Black "Omariev, Maksim"]
[WhiteFideId "54154782"]
[BlackFideId "4193423"]
[WhiteElo "1912"]
[BlackElo "2512"]
[Result "0-1"]
[Round "11"]
[TimeControl "180+1"]
[Date "2022.03.30"]
[WhiteClock "0:00:52"]
[BlackClock "0:00:59"]

1. e4 h5 2. d4 h4 3. h3 c6 4. Nc3 d5 5. Nf3 dxe4 6. Nxe4 Bf5 7. Nc5 Nd7 8. Nxd7 Qxd7 9. Bd3 Bxd3 10. Qxd3 e6 11. Bf4 Ne7 12. O-O Ng6 13. Bh2 Bd6 14. Ne5 Bxe5 15. dxe5 Qxd3 16. cxd3 O-O-O 17. Rad1 Rd5 18. f4 Ne7 19. Kf2 Nf5 20. Ke2 Rhd8 21. Rd2 c5 22. b3 b5 23. Rc1 Kb7 24. Rc3 Nd4+ 25. Kd1 b4 26. Rc4 Nb5 27. Kc2 Na3+ 28. Kc1 Nxc4 29. bxc4 Rxd3 30. Rxd3 Rxd3 31. Kc2 Rc3+ 32. Kb2 Rxc4 33. Kb3 Rc3+ 34. Kb2 a5 35. Kb1 a4 36. Kb2 a3+ 37. Kb1 Kc6 38. Bg1 Kd5 39. Bf2 Ke4 40. Bxh4 Kxf4 41. Be7 Kxe5 42. Bf8 Kf6 43. h4 e5 44. g4 e4 45. g5+ Kg6 46. h5+ Kxh5 47. Bxg7 Kxg5 48. Bxc3 bxc3 49. Kc2 e3 50. Kb3 e2 51. Kc4 c2 52. Kb3 c1=Q 53. Ka4 e1=Q 54. Kb5 Qb4+ 55. Ka6 f5 56. Ka7 f4 57. Ka8 f3 58. Ka7 f2 59. Ka8 f1=Q 60. Ka7 c4 61. Ka8 c3 62. Ka7 c2 63. Ka8 Qcb2 64. Ka7 c1=Q 65. Ka8 Qxa2 66. Ka7 Qad2 67. Ka8 a2 68. Ka7 Qdd1 69. Ka8 Qfe1 70. Ka7 Qbb1 71. Ka8 Kf4 72. Ka7 Kf3 0-1


[Site "https://www.chess.com"]

[Event "Titled Tuesday Blitz March 29 Early 2022"]
[White "Simonovic, Miroslav"]
[Black "Quirke, Jeffrey"]
[WhiteFideId "919152"]
[BlackFideId "2013029"]
[WhiteElo "2043"]
[BlackElo "2168"]
[Result "1-0"]
[Round "11"]
[TimeControl "180+1"]
[Date "2022.03.30"]
[WhiteClock "0:00:55"]
[BlackClock "0:00:05"]

1. d4 d5 2. Bg5 f6 3. Bh4 Nh6 4. f3 Nf5 5. Bf2 h5 6. e4 Nh6 7. Bd3 dxe4 8. fxe4 Bg4 9. Nf3 Nc6 10. c3 Qd7 11. h3 Bxf3 12. Qxf3 O-O-O 13. Qxh5 e5 14. d5 Ne7 15. Nd2 g6 16. Qe2 Bg7 17. O-O-O f5 18. c4 Nf7 19. Bxa7 Qa4 20. Bc5 Rd7 21. Kb1 b6 22. Bxe7 Rxe7 23. exf5 e4 24. Bxe4 Qb4 25. Nb3 gxf5 26. Bxf5+ Kb8 27. Qc2 Nd6 28. Bd3 Rhe8 29. c5 Nb5 30. d6 cxd6 31. Bxb5 Qxb5 32. cxd6 Re2 33. Rd2 Rxd2 34. Nxd2 Rd8 35. Qc7+ 1-0


[Site "https://www.chess.com"]

[Event "Titled Tuesday Blitz March 29 Early 2022"]
[White "Srinath, Rao S.V."]
[Black "Prohorov, Olexandr"]
[WhiteFideId "5028876"]
[BlackFideId "14105578"]
[WhiteElo "2181"]
[BlackElo "1993"]
[Result "1-0"]
[Round "11"]
[TimeControl "180+1"]
[Date "2022.03.30"]
[WhiteClock "0:00:14"]
[BlackClock "0:00:01"]

1. e4 c5 2. Nf3 e6 3. c3 Nf6 4. e5 Nd5 5. d4 cxd4 6. cxd4 Nc6 7. Bc4 Nb6 8. Bd3 d6 9. exd6 Qxd6 10. Nc3 Be7 11. O-O O-O 12. Ne2 Nd5 13. a3 b6 14. Qc2 h6 15. Nc3 Bb7 16. Ne4 Qd7 17. Ne5 Nxe5 18. dxe5 Rfd8 19. Rd1 Rac8 20. Qe2 Rxc1 21. Raxc1 Nf4 22. Qg4 Nxd3 23. Nf6+ Bxf6 24. exf6 g6 25. Rc3 Ba6 26. h4 Qb5 27. Qf3 Qxb2 28. Rc7 h5 29. Rxa7 Bc4 30. Rc7 Bb3 31. Rxd3 Qb1+ 32. Kh2 Qxd3 33. Qxd3 Rxd3 34. Rc8+ Kh7 35. Rf8 e5 36. Rb8 Rd6 37. f3 Rxf6 38. Re8 Re6 39. Rc8 Rc6 40. Rxc6 b5 41. Rb6 Bc4 42. Kg3 Kg7 43. Kf2 Kf8 44. Ke3 Ke7 45. g3 f6 46. g4 Bf1 47. Rb7+ Ke6 48. Rh7 hxg4 49. fxg4 Kd5 50. h5 gxh5 51. gxh5 Kc4 52. Rf7 Kb3 53. Rxf6 Kxa3 54. Rxf1 1-0


[Site "https://www.chess.com"]

[Event "Titled Tuesday Blitz March 29 Early 2022"]
[White "Tanenbaum, Zachary"]
[Black "Omelja, Artem"]
[WhiteFideId "2060850"]
[BlackFideId "14119846"]
[WhiteElo "2168"]
[BlackElo "2382"]
[Result "1-0"]
[Round "11"]
[TimeControl "180+1"]
[Date "2022.03.29"]
[WhiteClock "0:00:49"]
[BlackClock "0:00:01"]

1. e4 c5 2. Nf3 e6 3. d4 cxd4 4. Nxd4 Nf6 5. Nc3 a6 6. Be3 b5 7. f3 Bb7 8. Qd2 Nc6 9. O-O-O Be7 10. g4 Rc8 11. g5 Nh5 12. Bd3 Nb4 13. Kb1 O-O 14. f4 Nxd3 15. cxd3 d5 16. e5 Bb4 17. Qe2 g6 18. Rc1 Ng7 19. Bd2 Qb6 20. Qe3 Bc5 21. Nce2 Nf5 22. Nxf5 Bxe3 23. Bxe3 Rxc1+ 24. Rxc1 Qd8 25. Nd6 Qd7 26. Bb6 Bc6 27. Nd4 Rb8 28. Rxc6 Kg7 29. Rc7 1-0


[Site "https://www.chess.com"]

[Event "Titled Tuesday Blitz March 29 Early 2022"]
[White "Thomas, Anysia"]
[Black "Kiltti, Jyrki"]
[WhiteFideId "670472"]
[BlackFideId "501204"]
[WhiteElo "2002"]
[BlackElo "2245"]
[Result "0-1"]
[Round "11"]
[TimeControl "180+1"]
[Date "2022.03.30"]
[WhiteClock "0:00:01"]
[BlackClock "0:00:28"]

1. d4 Nc6 2. Nf3 d6 3. c4 e5 4. dxe5 Nxe5 5. e4 Be6 6. Nxe5 dxe5 7. Qc2 Nf6 8. Be3 Bb4+ 9. Nd2 O-O 10. Be2 Qe7 11. O-O Rad8 12. a3 Bc5 13. Bg5 h6 14. Bh4 Rd7 15. Nf3 Bg4 16. b4 Bxf3 17. Bxf3 Bd4 18. Rad1 Rfd8 19. c5 Qe6 20. h3 g5 21. Bg3 h5 22. Qc1 g4 23. Qg5+ Kf8 24. hxg4 hxg4 25. Be2 Nxe4 26. Qh4 Nxg3 27. Qxg3 f5 28. Qh4 Kg7 29. Qg5+ Qg6 30. Qc1 g3 31. Rxd4 Rxd4 32. fxg3 Rd2 33. Bf3 Qxg3 34. Qc3 Rxg2+ 35. Bxg2 Qxc3 0-1


[Site "https://www.chess.com"]

[Event "Titled Tuesday Blitz March 29 Early 2022"]
[White "Todorovic, Bojan"]
[Black "Migot, Tangi"]
[WhiteFideId "917087"]
[BlackFideId "662445"]
[WhiteElo "2266"]
[BlackElo "2512"]
[Result "0-1"]
[Round "11"]
[TimeControl "180+1"]
[Date "2022.03.30"]
[WhiteClock "0:00:01"]
[BlackClock "0:00:10"]

1. d4 e6 2. c4 c5 3. d5 exd5 4. cxd5 d6 5. Nc3 Be7 6. Nf3 Bf6 7. e4 Ne7 8. Bb5+ Nd7 9. Bf4 Qb6 10. Rb1 Ng6 11. Be3 O-O 12. O-O Nde5 13. Nd2 Ng4 14. Nc4 Qd8 15. Bd2 a6 16. h3 axb5 17. Nxb5 N4e5 18. Ncxd6 Be7 19. Nxc8 Qxc8 20. f4 Nc4 21. Bc3 Qd7 22. a4 Ne3 23. Qe2 Nxf1 24. Rxf1 f5 25. d6 Bxd6 26. Rd1 Nxf4 27. Qc4+ Qf7 28. Qxf7+ Rxf7 29. Nxd6 Ne2+ 30. Kf2 Nxc3 31. bxc3 fxe4+ 32. Nxf7 Kxf7 33. Rd7+ Kf6 34. Rxb7 Rxa4 35. Ke3 Rc4 36. Kf4 Rxc3 37. Kxe4 Rg3 38. Rb6+ Kg5 39. Rb7 Kh4 40. Rb2 c4 41. Kf4 c3 42. Rc2 g5+ 43. Kf5 h5 44. Ke4 g4 45. hxg4 Kxg4 46. Rf2 Kg5 47. Rf5+ Kg6 48. Rf2 h4 49. Kf4 Kf6 50. Re2 Kg6 51. Rf2 Kf6 52. Re2 Rd3 53. Ke4 Rd2 54. Re3 c2 55. Rc3 Rxg2 56. Kf3 h3 0-1


[Site "https://www.chess.com"]

[Event "Titled Tuesday Blitz March 29 Early 2022"]
[White "Tsyhanchuk, Stanislav"]
[Black "Mirzoev, Azer"]
[WhiteFideId "13505130"]
[BlackFideId "13400304"]
[WhiteElo "2078"]
[BlackElo "2525"]
[Result "0-1"]
[Round "11"]
[TimeControl "180+1"]
[Date "2022.03.29"]
[WhiteClock "0:00:02"]
[BlackClock "0:00:16"]

1. e4 c5 2. Nf3 e6 3. d4 cxd4 4. Nxd4 a6 5. Bd3 Nc6 6. Nxc6 bxc6 7. O-O d5 8. Nd2 Nf6 9. c4 Be7 10. Qe2 O-O 11. b3 a5 12. f4 a4 13. Bb2 Bb7 14. Kh1 axb3 15. axb3 Rxa1 16. Bxa1 Qc7 17. f5 exf5 18. Rxf5 Bc8 19. Rf1 dxc4 20. bxc4 Be6 21. e5 Nd7 22. Nf3 Nc5 23. Bc2 g6 24. Nd4 Qd7 25. Nxe6 Qxe6 26. Bb2 Rd8 27. h3 Ra8 28. Ra1 Rxa1+ 29. Bxa1 Qc8 30. Bc3 Ne6 31. Be4 Qa6 32. Kh2 Qa4 33. Qf3 Ng5 34. Qd3 Nxe4 35. Qxe4 Qb3 36. Be1 Qd1 37. Bg3 Qd7 38. h4 h5 39. Qf3 Qe6 40. Qe4 Bf8 41. Qf3 Bg7 42. Qe4 Kh7 43. Qf4 Bh6 44. Qe4 Bf8 45. Bf2 Be7 46. Bg3 Kg8 47. Bf2 Kg7 48. Bg3 Qd7 49. Bf2 Kf8 50. Bg3 Ke8 51. Qf4 Qf5 52. Qe3 Qg4 53. Qb6 Qd7 54. Qb8+ Bd8 55. Qa8 Ke7 56. Qa4 Ke6 57. Qa3 Qd4 0-1


[Site "https://www.chess.com"]

[Event "Titled Tuesday Blitz March 29 Early 2022"]
[White "Vasquez Schroeder, Rodrigo"]
[Black "Martinez Alcantara, Jose Eduardo"]
[WhiteFideId "3400042"]
[BlackFideId "3805662"]
[WhiteElo "2561"]
[BlackElo "2690"]
[Result "0-1"]
[Round "11"]
[TimeControl "180+1"]
[Date "2022.03.29"]
[WhiteClock "0:00:06"]
[BlackClock "0:00:13"]

1. e4 e5 2. Nf3 Nc6 3. Bb5 a6 4. Ba4 Nf6 5. O-O Be7 6. Re1 b5 7. Bb3 d6 8. c3 O-O 9. h3 Na5 10. Bc2 c5 11. d4 Nd7 12. dxe5 dxe5 13. Nbd2 Qc7 14. Nf1 Nb6 15. Ng3 g6 16. Qe2 f6 17. Bh6 Rd8 18. Rad1 Be6 19. b3 c4 20. b4 Nc6 21. Be3 a5 22. a3 axb4 23. axb4 Ra3 24. Rxd8+ Qxd8 25. Rd1 Qc7 26. Qd2 Ra2 27. Qc1 Na4 28. Bb1 Ra1 29. Ne2 Nb6 30. Qb2 Ra8 31. Nh2 Na4 32. Qc1 Rd8 33. Ng4 h5 34. Nh2 Rd7 35. Nf1 Qd8 36. Bc2 Rxd1 37. Bxd1 Nb2 38. Bc2 Nd3 39. Qb1 f5 40. exf5 gxf5 41. f4 Bf6 42. fxe5 Bxe5 43. Qd1 Qd6 44. Nc1 Bxc3 45. Qxh5 Ncxb4 46. Qg6+ Kf8 47. Ne2 Be5 48. Bb1 f4 49. Ba7 c3 50. Qh6+ Ke8 51. Qh5+ Kd7 52. Qh7+ Kc8 53. Qe4 c2 54. Qa8+ Kd7 55. Bxc2 Nxc2 56. Qb7+ Ke8 57. Qxb5+ Kf7 58. Qb7+ Qd7 59. Qa8 Bd5 0-1


[Site "https://www.chess.com"]